 Dungeon Crawl Stone Soup version 0.24-a0-464-g6b2be6b8c7 (webtiles) character file.

Game seed: 17939498515371574757

324 Bikalo the Ruffian (level 6, -4/53 HPs)
             Began as a Ghoul Monk on July 4, 2019.
             Slain by a scorpion (6 damage)
             ... on level 4 of the Dungeon.
             The game lasted 00:08:33 (2910 turns).

Bikalo the Ruffian (Ghoul Monk)                     Turns: 2910, Time: 00:08:33

Health: -4/53      AC:  5    Str: 15    XL:     6   Next: 48%
Magic:  5/5        EV: 13    Int: 10    God:
Gold:   129        SH:  0    Dex: 13    Spells: 5/5 levels left

rFire    + . .     SeeInvis +     - Unarmed
rCold    + . .     Gourm    .   (no shield)
rNeg     + + +     Faith    .   m - +2 leather armour {rF+}
rPois    ∞         Spirit   .   (no helmet)
rElec    .         Reflect  .   (no cloak)
rCorr    .         Harm     .   (no gloves)
MR       .....                  (no boots)
Stlth    ++........             (no amulet)
HPRegen  0.00/turn              h - ring of see invisible
MPRegen  0.09/turn              (no ring)

@: brilliant, flying, rotting
A: rotting body, claws 1, carnivore, cold resistance 1, negative energy
resistance 3, inhibited regeneration, torment resistance, unbreathing
a: no special abilities


You were on level 4 of the Dungeon.
You were not hungry.

You visited 1 branch of the dungeon, and saw 4 of its levels.

You collected 129 gold pieces.

Inventory:

Armour
 m - a +2 leather armour of fire resistance (worn)
Jewellery
 h - a ring of see invisible (left claw)
Scrolls
 e - a scroll of enchant armour
 j - a scroll of identify
Potions
 c - a potion of flight
Comestibles
 b - 2 rations


   Skills:
 + Level 4.7 Fighting
 + Level 3.9 Dodging
 - Level 2.1 Stealth
 * Level 6.0 Unarmed Combat


You had 5 spell levels left.
You didn't know any spells.
Your spell library was empty.

Dungeon Overview and Level Annotations

Branches:
Dungeon (4/15)
 Temple: D:4-7

Altars:
Fedhas
Vehumet


Innate Abilities, Weirdness & Mutations

Your body is rotting away.
You thrive on raw meat.
You are immune to poison.
You have sharp fingernails.
You are carnivorous and can eat meat at any time.
Your flesh is cold resistant. (rC+)
You are immune to negative energy. (rN+++)
You do not regenerate when monsters are visible.
You are immune to unholy pain and torment.
You can survive without breathing.


Message History

You kill the orc!
The howler monkey hoots and howls with incredible vigour!
You hear an angry hiss.
The scorpion closely misses you. The howler monkey hits you.
* * * LOW HITPOINT WARNING * * *
Items here: ) [ †† a +0 club; a +0 leather armour; an adder corpse x2
You claw the scorpion!
The scorpion is heavily wounded.
The scorpion stings you but does no damage.
You closely miss the scorpion.
The scorpion is heavily wounded.
The scorpion stings you but does no damage.
You scratch the scorpion.
The scorpion is severely wounded.
The scorpion barely misses you.
You scratch the scorpion.
The scorpion is almost dead.
The scorpion stings you.
You die...

####### ###
#.....# #@#
#.....########s#
#.............h#
#..<..s#########
#.......#
#.....#.#
##..###.# #..#
.# #..# ..


You could see a scorpion and a howler monkey.

Vanquished Creatures
  A scorpion (D:4)
  3 orc wizards (D:3)
  An orc priest (D:3)
  6 adders
  An ooze (D:3)
  5 worms
  4 leopard geckos
  8 orcs
  4 giant cockroaches
  7 goblins
  5 hobgoblins
  8 jackals
  2 quokkas
  7 bats
  3 frilled lizards
  10 kobolds
  4 rats
79 creatures vanquished.

Notes
Turn   | Place    | Note
-------+----------+-------------------------------------------
     0 | D:1      | Bikalo the Ghoul Monk began the quest for the Orb.
     0 | D:1      | Reached XP level 1. HP: 19/19 MP: 0/0
   239 | D:1      | Reached XP level 2. HP: 11/25 MP: 1/1
   739 | D:1      | Reached skill level 4 in Unarmed Combat
   739 | D:1      | Reached XP level 3. HP: 31/31 MP: 2/2
  1297 | D:2      | Found a blossoming altar of Fedhas.
  1307 | D:2      | Reached XP level 4. HP: 31/40 MP: 3/3
  1831 | D:3      | Reached XP level 5. HP: 11/46 MP: 4/4
  1846 | D:3      | Reached skill level 5 in Unarmed Combat
  2156 | D:3      | HP: 2/46 [orc/+0 flail (10)]
  2163 | D:3      | Reached XP level 6. HP: 10/53 MP: 5/5
  2588 | D:3      | Found a radiant altar of Vehumet.
  2903 | D:4      | Reached skill level 6 in Unarmed Combat
  2905 | D:4      | HP: 2/53 [howler monkey (4)]
  2910 | D:4      | Slain by a scorpion

Levels and vault maps discovered:
D:1:      dpeg_cavernosity, layout_basic
D:2:      layout_loops_ring, overflow_temple_1_default
D:3:      layout_loops_ring, vehumet_crystals
D:4:      layout_rooms, grunt_dithmenos_smoke, first_ration, minmay_lizard_king

Skill      XL: |  1  2  3  4  5  6 |
---------------+-------------------+-----
Dodging        | 3 |  3.9
Unarmed Combat | 4 5 6 |  6.0
Fighting       | 4 |  4.7
Stealth        | |  2.1

Action                   |  1- 3 |  4- 6 || total
-------------------------+-------+-------++-------
Melee: Unarmed           |   111 |   176 ||   287
       Punch             |     2 |     5 ||     7
  Use: Scroll            |       |     5 ||     5
       Potion            |       |     3 ||     3
 Stab: Sleeping          |     3 |     3 ||     6
       Distracted        |     1 |       ||     1
  Eat: Chunk             |    17 |    16 ||    33
Armor: Robe              |    27 |     3 ||    30
       Leather armour    |       |    38 ||    38
Dodge: Dodged            |    67 |   115 ||   182

Table legend:
 A = Non-vault XP
 B = Vault XP
 C = Vault XP percentage of total XP
 D = Non-vault monster count
 E = Vault monster count
 F = Vault count percentage of total count
                 A         B        C        D         E       F
            +---------+---------+-------+---------+---------+-------
      Total |     455 |       9 |   1.9 |      75 |       4 |   5.1
            +---------+---------+-------+---------+---------+-------
        D:1 |      26 |       9 |  25.7 |      17 |       4 |  19.0
        D:2 |      75 |       0 |   0.0 |      21 |       0 |   0.0
        D:3 |     224 |       0 |   0.0 |      26 |       0 |   0.0
        D:4 |     130 |       0 |   0.0 |      11 |       0 |   0.0
            +---------+---------+-------+---------+---------+-------
